 Dungeon Crawl Stone Soup version 0.25-a0-890-g62861fb195 (webtiles) character file.

Game seed: 9358921718540718035, levelgen mode: classic

52 Amnesiac the Chiller (level 3, 0/19 HPs)
             Began as a Deep Elf Ice Elementalist on May 3, 2020.
             Slain by an orc
             ... wielding a +0 flail
              (2 damage)
             ... on level 2 of the Dungeon.
             The game lasted 00:01:39 (566 turns).

Amnesiac the Chiller (Deep Elf Ice Elementalist)     Turns: 566, Time: 00:01:40

Health: 0/19       AC:  2    Str:  5    XL:     3   Next: 60%
Magic:  10/10      EV: 13    Int: 20    God:
Gold:   40         SH:  0    Dex: 15    Spells: 3/10 levels left

rFire    . . .     SeeInvis .   j - +0 short sword
rCold    . . .     Gourm    .   (no shield)
rNeg     . . .     Faith    .   a - +0 robe
rPois    .         Spirit   .   (no helmet)
rElec    .         Reflect  .   (no cloak)
rCorr    .         Harm     .   (no gloves)
MR       .....                  (no boots)
Stlth    +.........             (no amulet)
HPRegen  0.06/turn              g - ring of attention (curse)
MPRegen  0.12/turn              (no ring)

@: no status effects
A: no striking features
a: no special abilities


You were on level 2 of the Dungeon.
You were not hungry.

You visited 1 branch of the dungeon, and saw 3 of its levels.

You collected 40 gold pieces.

Inventory:

Hand Weapons
 j - a +0 short sword (weapon)
Missiles
 e - 12 stones (quivered)
 l - 18 sling bullets
Armour
 a - a +0 robe (worn)
 d - a +0 helmet
Jewellery
 g - a cursed ring of attention (left hand)
Scrolls
 i - 2 scrolls of identify {!r, unknown}
 n - a scroll of blinking {!r, unknown}
Potions
 b - a potion of might {!q, unknown}
 h - a potion of stabbing {!q, unknown}
 k - a potion of curing {!q, unknown}
 m - a potion of flight {!q, unknown}
Comestibles
 c - 2 rations


   Skills:
 - Level 2.4 Dodging
 - Level 2.4 Stealth
 + Level 4.0 Spellcasting
 * Level 5.4 Ice Magic


You had 3 spell levels left.
You knew the following spells:

 Your Spells              Type           Power        Failure   Level  Hunger
a - Freeze                Ice            ####         1%          1    None
b - Frozen Ramparts       Ice            ####..       4%          3    ###....
z - Ozocubu's Armour      Chrm/Ice       ##......     13%         3    ###....

Your spell library contained the following spells:

 Spells                   Type           Power        Failure   Level  Hunger
 Hailstorm                Conj/Ice       ##......     38%         4    ####...
 Summon Ice Beast         Ice/Summ       ##......     38%         4    ####...


Dungeon Overview and Level Annotations

Branches:
Dungeon (3/15)

Altars:


Message History

What level of the Dungeon? (default 1, ? - help)
You climb downwards.
There is a stone staircase leading up here.
HP restored.
There is a stone staircase leading down here.
You climb downwards.
An orc comes into view. It is wielding a +0 flail.
There is a stone staircase leading up here.
The orc shouts!
You hear a shout!
The orc wizard hits you but does no damage.
You climb upwards.
There is a stone staircase leading down here.
Casting: Freeze (safe; 1% risk of failure)
Confirm with . or Enter, or press ? or * to list all spells.
Aiming: Freeze (safe; 1% risk of failure)
Press: ? - help, Shift-Dir - straight line, f - orc wizard
Aim: an orc wizard, wielding a -3 dagger and wearing a +0 robe You freeze the orc wizard!
The orc wizard is severely wounded.
The orc wizard hits you with a cursed -3 dagger.
Casting: Freeze (safe; 1% risk of failure)
Confirm with . or Enter, or press ? or * to list all spells.
Aiming: Freeze (safe; 1% risk of failure)
Press: ? - help, Shift-Dir - straight line, f/p - orc wizard
Aim: an orc wizard, wielding a -3 dagger and wearing a +0 robe (severely wounded)
You freeze the orc wizard!
You kill the orc wizard!
Your Spellcasting skill increases to level 4!
You have reached level 3!
Your experience leads to an increase in your attributes!
Increase (S)trength, (I)ntelligence, or (D)exterity?
You feel clever.
This spell is quite dangerous to cast!
Memorise Frozen Ramparts, consuming 3 spell levels and leaving 6?
You start memorising the spell.
You continue memorising. x3
You finish memorising.
Spell assigned to 'b'.
This spell is extremely dangerous to cast!
Memorise Ozocubu's Armour, consuming 3 spell levels and leaving 3?
You start memorising the spell.
You continue memorising. x3
You finish memorising.
Spell assigned to 'z'.
Things that are here:
a cursed -3 dagger; a +0 robe There isn't anything to butcher here.
There is a stone staircase leading down here.
You start resting.
HP restored.
You start resting.
Magic restored.
You climb downwards.
The orc hits you.
An orc wizard comes into view.
It is wielding a +2 dagger of protection.
An orc wizard comes into view. It is wielding a +0 dagger.
The orc closely misses you.
There is a stone staircase leading up here.
The orc wizard shouts!
The orc closely misses you.
The orc wizard points at you and mumbles some strange words.
The puff of flame hits you!
Ouch! That really hurt!
* * * LOW HITPOINT WARNING * * *
The orc hits you but does no damage.
You climb upwards.
There is a stone staircase leading down here.
The orc hits you with a +0 flail.
You die...

..........#.#.# #.#######
#.............# #.....#
#########.....# #####.#
#....## #.#
#.#...#########.#
#.#.............#
############.#..o###########
.............#.o>#
.....#########.#@# .....#
#.#.# .....# #.#.# .....#
#.#.# .....# #.... .....#
#.... .....##### ...
.........# ..... .........#


You could see 2 orcs.

Vanquished Creatures
  An orc wizard (D:2)
  An adder (D:2)
  A dart slug (D:2)
  2 goblins (D:1)
  3 hobgoblins
  2 jackals (D:1)
  2 bats
  A frilled lizard (D:1)
13 creatures vanquished.

Notes
Turn   | Place    | Note
-------+----------+-------------------------------------------
     0 | D:1      | Amnesiac the Deep Elf Ice Elementalist began the quest for
                  | the Orb.
     0 | D:1      | Reached XP level 1. HP: 10/10 MP: 6/6
   197 | D:3      | Noticed an orc wizard
   216 | D:2      | Reached XP level 2. HP: 14/15 MP: 4/8
   252 | D:2      | Reached skill level 5 in Ice Magic
   530 | D:2      | Reached XP level 3. HP: 15/19 MP: 6/10
   535 | D:2      | Learned a level 3 spell: Frozen Ramparts
   539 | D:2      | Learned a level 3 spell: Ozocubu's Armour
   566 | D:2      | Slain by an orc

Levels and vault maps discovered:
D:1:      dpeg_arrival_three_same_balls, layout_basic, minmay_pentomino_s2
D:2:      layout_basic
D:3:      layout_loops_ring

Skill      XL: |  1  2 |
---------------+-------+-----
Ice Magic      | 5 |  5.4
Spellcasting   | 4 |  4.0
Dodging        | |  2.4
Stealth        | |  2.4

Action                   || total
-------------------------++-------
 Cast: Freeze            ||    21
Armor: Robe              ||     3
Dodge: Dodged            ||     7

Table legend:
 A = Non-vault XP
 B = Vault XP
 C = Vault XP percentage of total XP
 D = Non-vault monster count
 E = Vault monster count
 F = Vault count percentage of total count
                 A         B        C        D         E       F
            +---------+---------+-------+---------+---------+-------
      Total |      73 |       2 |   2.7 |      12 |       1 |   7.7
            +---------+---------+-------+---------+---------+-------
        D:1 |      12 |       2 |  14.3 |       7 |       1 |  12.5
        D:2 |      61 |       0 |   0.0 |       5 |       0 |   0.0
            +---------+---------+-------+---------+---------+-------
